 Dungeon Crawl Stone Soup version 0.32-a0-22-g6ae6769 (webtiles) character file.

Game seed: 17658800037024270918

302048 blake the Sorcerer (level 21, -24/166 HPs)
             Began as a Djinni Conjurer on Jan 14, 2024.
             Was the Champion of Makhleb.
             Annihilated by an azure jelly (32 damage)
             ... on level 3 of the Pits of Slime on Jan 17, 2024.
             The game lasted 04:11:01 (36577 turns).

blake the Sorcerer (Djinni Conjurer)               Turns: 36577, Time: 04:11:01

Health: -24/166    AC: -2    Str:  6    XL:     21   Next: 97%
Gold:   2208       EV: 18    Int: 37    God:    Makhleb [******] SH: 18 Dex: 12

rFire   + + .        X - staff of cold
rCold   . . .        B - +2 kite shield
rNeg    . . .        U - +3 troll leather armour
rPois   ∞            F - +0 hat {Will+}
rElec   .            Y - +1 cloak
rCorr   .            x - +0 pair of gloves
SInv    .            (boots unavailable)
Will    +++..        S - amulet of reflection
Stlth   +            w - +5 ring of evasion
HPRegen 1.27/turn    L - +6 ring of intelligence
MPRegen 0.00/turn

%: reflection, infuse magic (-25 HP)
@: corroded, flying
A: sickness immunity, fire resistance 2, cold vulnerability 1, float, innate
caster, HP casting, extra vitality 1, deformed body
}: 2/15 runes: barnacled, gossamer
a: Renounce Religion, Minor Destruction, Lesser Servant of Makhleb, Major
Destruction, Greater Servant of Makhleb


You were on level 3 of the Pits of Slime.
You worshipped Makhleb.
Makhleb was exalted by your worship.
You visited 10 branches of the dungeon, and saw 39 of its levels.
You also visited: Bailey, Ice Cave and Volcano.

You collected 3293 gold pieces.
You spent 1085 gold pieces at shops.

Inventory:

Armour
 a - the +12 chain mail "Copym" {Harm rF+ SInv}
   (You took it off an orc on level 11 of the Dungeon)

   rF+:       It protects you from fire.
   SInv:      It lets you see invisible.
   Harm:      It increases damage dealt and taken.
 x - a +0 pair of gloves (worn)
 B - a +2 kite shield (worn)
 F - a +0 hat of willpower (worn)
 U - a +3 troll leather armour (worn)
 Y - a +1 cloak (worn)
Magical Staves
 e - a staff of conjuration
 i - a staff of air
 O - a staff of earth
 R - a staff of fire
 X - a staff of cold (weapon)
Jewellery
 l - a ring of willpower
 w - a +5 ring of evasion (left hand)
 E - a ring of fire
 L - a +6 ring of intelligence (right hand)
 S - an amulet of reflection (around neck)
Wands
 y - a wand of mindburst (22)
 z - a wand of quicksilver (37)
 A - a wand of charming (32)
 G - a wand of roots (48)
 M - a wand of digging (5)
Scrolls
 b - 5 scrolls of fog
 c - 3 scrolls of identify
 d - 7 scrolls of fear {unknown}
 f - 4 scrolls of poison
 g - 2 scrolls of brand weapon
 k - 8 scrolls of enchant weapon
 n - 6 scrolls of noise {unknown}
 o - 7 scrolls of teleportation
 r - a scroll of blinking
 u - 5 scrolls of revelation
 v - 6 scrolls of vulnerability
 H - 6 scrolls of enchant armour
 N - 3 scrolls of butterflies
 P - 5 scrolls of immolation
Potions
 h - 3 potions of heal wounds
 j - 6 potions of berserk rage {unknown}
 m - 7 potions of haste {unknown}
 q - 8 potions of might {unknown}
 s - 16 potions of curing {unknown}
 C - 8 potions of mutation
 D - 2 potions of cancellation
 I - a potion of resistance
 K - 4 potions of lignification
 Q - 5 potions of brilliance
 T - 9 potions of ambrosia
 Z - 5 potions of enlightenment
Miscellaneous
 p - a lightning rod (4/4)
 t - a phantom mirror
 J - a condenser vane (inert)
 V - a sack of spiders
 W - a phial of floods


   Skills:
 * Level 19.6 Fighting
 + Level 10.2 Armour
 + Level 11.1 Dodging
 - Level 1.5 Stealth
 + Level 10.3 Shields
 * Level 21.2 Spellcasting
 * Level 21.2 Conjurations
 * Level 21.2 Hexes
 * Level 21.2 Summonings
 * Level 21.2 Necromancy
 * Level 21.2 Translocations
 * Level 21.2 Fire Magic
 * Level 21.2 Ice Magic
 * Level 21.2 Air Magic
 * Level 21.2 Earth Magic
 * Level 21.2 Alchemy


You knew the following spells:

 Your Spells              Type           Power      Damage    Failure   Level
a - Magic Dart            Conj           100%       1d8       0%          1
b - Searing Ray           Conj           100%       2d8       0%          2
c - Fulminant Prism       Conj/Alch      57%        3d24      0%          4
d - Iskenderun's Mystic   Conj/Tloc      100%       2d19      0%          4
e - Sandblast             Erth           100%       2d20      0%          1
f - Ensorcelled Hibernat  Hex/Ice        100%       N/A       0%          2
g - Gell's Gravitas       Tloc           100%       N/A       0%          3
h - Stone Arrow           Conj/Erth      100%       3d13      0%          3
i - Summon Lightning Spi  Summ/Air       100%       N/A       0%          4
j - Borgnjor's Vile Clut  Necr/Erth      57%        N/A       1%          5
k - Sculpt Simulacrum     Ice/Alch       69%        N/A       1%          6
l - Summon Hydra          Summ           57%        N/A       1%          7
m - Dispersal             Tloc           57%        N/A       1%          6
n - Disjunction           Tloc           57%        N/A       4%          8
Your spell library was empty.

Dungeon Overview and Level Annotations

Branches:
Dungeon (15/15)            Temple (1/1) D:4            Lair (5/5) D:11
 Shoals (4/4) Lair:2       Spider (4/4) Lair:3        Slime (3/5) Lair:4
    Orc (2/2) D:11            Elf (1/3) Orc:2        Vaults (3/5) D:14
  Crypt (0/3) Vaults:2     Depths (1/4) D:15         Bailey (visited)
  IceCv (visited)         Volcano (visited)

Altars:
Ashenzari
Cheibriados
Dithmenos
Elyvilon
Fedhas
Gozag
Hepliaklqana
Makhleb
Nemelex Xobeh
Okawaru
Qazlal
Ru
Trog
Uskayaw
Wu Jian
Xom
Yredelemnul
Zin
The Shining One
Jiyva
Lugonu

Shops:
D:10 ?   Orc:2 [*([   Vaults:2 :

Portals:
Abyss: Lair:5

Annotations:
D:12 3 runed translucent doors, Jeizer's ghost, journeyman MfGl
Lair:1 3 runed translucent doors, ironshield's ghost, journeyman KoEE
Elf:1 Zenata
Vaults:3 3 runed translucent doors, Qogouluc's ghost, veteran DECj


Innate Abilities, Weirdness & Mutations

You are immune to sickness and miasma.
You are immune to poison.
Your flesh is very heat resistant. (rF++)
You are vulnerable to cold. (rC-)
You float through the air rather than walking.
You learn spells naturally, not from books.
Your magical power is your life essence.
You have superior vitality. (+4 MHP)
Armour fits poorly on your strangely shaped body.


Message History

Your six-headed hydra is splashed with acid.
Aiming: Stone Arrow (safe; 0% risk of failure)
Press: ? - help, Q - select action, (/) - cycle Shift-Dir - straight line, f - azure jelly
Aim: an azure jelly (78% to hit)
The stone arrow hits the azure jelly!!
The azure jelly is moderately wounded.
Your lightning spire shoots out a bolt of lightning at the azure jelly!
The bolt of electricity hits the azure jelly!
Aiming: Stone Arrow (safe; 0% risk of failure)
Press: ? - help, Q - select action, (/) - cycle Shift-Dir - straight line, f/p - azure jelly
Aim: an azure jelly (moderately wounded, not watching you, ally target, 78% to hit)
The stone arrow hits the azure jelly!
The azure jelly is heavily wounded.
Your eight-headed hydra disappears in a puff of smoke!
You block the azure jelly's attack. The azure jelly hits you!
The azure jelly freezes you!! The azure jelly hits you.
You block the azure jelly's attack.
The slime creature hits your lightning spire but does no damage.
Aiming: Stone Arrow (safe; 0% risk of failure)
Press: ? - help, Q - select action, (/) - cycle Shift-Dir - straight line, f/p - azure jelly
Aim: an azure jelly (heavily wounded, ally target, 78% to hit)
The stone arrow misses the azure jelly.
You block the azure jelly's attack. x2; The azure jelly hits you!
You block the azure jelly's attack.
Your lightning spire shoots out a bolt of lightning at the slime creature!
The bolt of electricity hits the slime creature!!
The slime creature hits your lightning spire.
Aiming: Stone Arrow (safe; 0% risk of failure)
Press: ? - help, Q - select action, (/) - cycle Shift-Dir - straight line, f/p - azure jelly
Aim: an azure jelly (heavily wounded, ally target, 78% to hit)
The stone arrow misses the azure jelly.
Your six-headed hydra disappears in a puff of smoke!
The acid blob spits acid at you. The splash of acid hits you!!
The acid corrodes you! The azure jelly hits you. The azure jelly freezes you!!!
* * * LOW HITPOINT WARNING * * *
The azure jelly hits you!
* * * LOW HITPOINT WARNING * * *
The azure jelly freezes you!!
You die...

#### ###.#.# ###
.###......##.##
........#.#....####
.......#.##....#.#.##
..........#...#.....#
.......#........<..#
......§§.>.@......##
......J.§.J.......#
........§...#......#
......§§............#
......J...<.#.##....#
.......8.......##..##
.#..>.......#.## ###
##............#
......###....##


You could see an acid blob, an azure jelly, a slime creature (distracted, ally
target) and a friendly lightning spire (summoned).

Vanquished Creatures
  A sphinx (Vaults:1)
  Kirke (D:13)
  Gastronok (Lair:1)
  A shadow dragon (Vaults:3)
  A tengu reaver (Vaults:2)
  The ghost of kasel the Warrior, an adept VSBr of Okawaru (Shoals:2)
  An azure jelly (Slime:1)
  A rockslime (Slime:3)
  Ilsuiw (Shoals:2)
  2 emperor scorpions (Spider:4)
  3 vault wardens (Vaults:1)
  3 ghost moths (Spider:4)
  Louise (Shoals:2)
  2 broodmothers
  A formless jellyfish (Vaults:2)
  12 ironbound preservers
  2 ironbound thunderhulks
  A dire elephant (Vaults:2)
  A spark wasp (Spider:4)
  The ghost of Radamante the Cleaver, a journeyman MiFi of the Shining One (D:10)
  The ghost of Runel the Eclecticist, a journeyman DEEE of Vehumet (Lair:5)
  2 merfolk impalers
  2 yaktaur captains
  13 slime creatures
  2 ettins
  An entropy weaver (Vaults:3)
  An ice dragon (D:12)
  A hydra (D:14)
  4 vault guards (Vaults:3)
  8 centaur warriors
  An ogre mage (Vaults:1)
  2 jorogumos
  Erolcha (Orc:1)
  4 ironbound frosthearts
  5 two-headed ogres
  A radroach (Spider:4)
  2 boulder beetles
  4 death yaks
  2 merfolk aquamancers
  A tengu warrior (D:9)
  2 orc high priests (Orc:2)
  3 thrashing horrors (Lair:5)
  Urug (Orc:2)
  3 demonic crawlers
  2 pharaoh ants
  4 skeletal warriors
  4 skysharks
  2 sun moths (Spider:4)
  9 sea snakes
  18 deep trolls
  8 ironbound convokers
  Pikel (D:5)
  A steelbarb worm (Spider:3)
  5 harpies
  3 orb spiders
  A harpy (shapeshifter) (D:14)
  2 deep elf pyromancers
  A lindwurm (Vaults:1)
  7 orc knights
  3 orc sorcerers (Orc:2)
  6 wolf spiders
  An ugly thing (Lair:5)
  Maurice (D:7)
  An oklob plant (Lair:2)
  10 cyclopes
  8 manticores
  4 salamanders (Volcano)
  A shining eye (Slime:1)
  3 moths of wrath
  2 merfolk sirens (Shoals:2)
  10 elephants
  A meliai (Spider:4)
  8 vault sentinels
  A kobold blastminer (Orc:2)
  An eye of devastation (Slime:1)
  A water nymph (Shoals:2)
  3 black mambas
  2 torpor snails
  2 ice statues (IceCv)
  2 large abominations (Lair:5)
  3 smoke demons (Lair:5)
  A gargoyle (D:12)
  4 cane toads
  An efreet (D:13)
  7 komodo dragons
  2 freezing wraiths
  An ice devil (IceCv)
  An elf zombie (Vaults:2)
  A tengu conjurer (D:14)
  An elf skeleton (Vaults:2)
  9 yaktaurs
  16 merfolk
  A queen bee (shapeshifter) (Lair:5)
  An anaconda simulacrum (IceCv)
  4 trolls
  A red devil (D:13)
  3 hellwings (D:13)
  16 blink frogs
  3 polar bears (D:12)
  2 raiju (Lair:5)
  5 hornets
  A raiju (shapeshifter) (D:15)
  6 tarantellas
  2 wind drakes (Shoals:4)
  2 dream sheep (Shoals:3)
  4 snapping turtles
  6 water elementals
  5 jumping spiders
  10 culicivoras
  2 vampires
  A ynoxinul (Lair:5)
  A spriggan (Lair:5)
  2 dire elephant simulacra (IceCv)
  23 yaks
  2 shadows
  4 wraiths
  3 wargs
  3 nameless horrors
  6 basilisks
  3 hogs
  22 redbacks
  3 wyverns
  2 steam dragons
  2 neqoxecs (D:13)
  Menkaure (D:6)
  A vampire mosquito (Spider:3)
  5 harpy simulacra (IceCv)
  19 water moccasins
  An acid dragon (D:11)
  A sky beast (D:4)
  A hydra simulacrum (IceCv)
  3 ice beasts
  A glowing shapeshifter skeleton (Vaults:2)
  26 orc warriors
  A meliai simulacrum (D:14)
  3 black bears (D:11)
  8 small abominations (Lair:5)
  2 laughing skulls (D:13)
  2 ogres
  14 wolves
  2 centaurs
  3 phantoms
  3 lemures (D:5)
  3 kobold brigands
  14 bullfrogs
  2 human skeletons (Vaults:2)
  A gnoll sergeant (D:12)
  4 scorpions
  7 wights
  2 burial acolytes (D:7)
  9 killer bees
  A howler monkey (D:13)
  2 electric eels (Spider:2)
  3 human zombies
  A bombardier beetle (D:4)
  A bullfrog zombie (D:7)
  3 centaur zombies (D:7)
  4 hounds
  A gnoll bouda (D:4)
  9 orc priests
  2 centaur skeletons (D:7)
  2 iguanas
  A sleepcap (D:6)
  15 orc wizards
  A wolf simulacrum (IceCv)
  A centaur simulacrum (D:4)
  A scorpion simulacrum (D:4)
  2 howler monkey zombies (D:7)
  8 gnolls
  6 adders
  A shadow imp (D:7)
  6 white imps
  A dart slug (D:5)
  A ribbon worm (D:5)
  An adder simulacrum (D:4)
  57 orcs
  A bat (D:2)
  8 endoplasms
  6 giant cockroaches
  8 goblins
  6 hobgoblins
  4 jackals
  5 quokkas
  9 ball pythons
  4 frilled lizards
  14 kobolds
  2 rats (D:1)
  A fulminant prism (IceCv)
780 creatures vanquished.

Vanquished Creatures (collateral kills)
  Nikola (Spider:2)
  Norris (Vaults:1)
  Mlioglotl (Spider:2)
  2 acid blobs (Slime:1)
  Frances (Shoals:2)
  An ancient champion (Vaults:2)
  A kraken (Shoals:4)
  A tengu reaver (Vaults:3)
  The ghost of Fayhism the Metamorph, an adept DrSh of Gozag (Shoals:2)
  Aizul (Shoals:1)
  A fire giant (D:15)
  2 frost giants
  2 emperor scorpions (Spider:4)
  3 vault wardens
  6 ironbound preservers
  A reaper (IceCv)
  2 formless jellyfish
  3 ironbound thunderhulks (Vaults:3)
  A spark wasp (Spider:4)
  3 dire elephants (Vaults:2)
  A red draconian (Volcano)
  The ghost of wqsa789 the Severer, a journeyman FoFi of Gozag (D:11)
  7 merfolk javelineers
  4 merfolk impalers
  6 entropy weavers
  A great orb of eyes (Vaults:3)
  5 yaktaur captains
  2 vault guards
  2 hydras
  A peacekeeper (Vaults:3)
  4 boulder beetles
  A merfolk avatar (Shoals:2)
  A centaur warrior (D:13)
  An ironbound frostheart (Vaults:1)
  A catoblepas (Lair:4)
  2 satyrs
  A two-headed ogre (Orc:2)
  A death knight (Vaults:2)
  3 merfolk aquamancers
  A radroach (Spider:1)
  4 death yaks
  A tengu warrior (D:14)
  4 demonic crawlers
  An orc high priest (Orc:2)
  Sonja (D:13)
  5 skeletal warriors
  A salamander mystic (Volcano)
  2 skysharks
  A pharaoh ant (Spider:4)
  28 deep trolls
  4 orb spiders
  6 sea snakes
  A steelbarb worm (Spider:3)
  4 lindwurms
  2 deep elf pyromancers
  3 necromancers
  5 ironbound convokers
  3 harpies
  An orc knight (Orc:2)
  3 wolf spiders
  An orc sorcerer (Orc:2)
  2 salamanders (Volcano)
  6 cyclopes
  7 manticores
  2 shining eyes (Slime:1)
  A human skeleton (Vaults:2)
  2 meliai (Spider:4)
  3 moths of wrath
  A water nymph (Shoals:4)
  2 kobold blastminers
  9 merfolk sirens
  15 slime creatures
  12 vault sentinels
  13 elephants
  A torpor snail (Spider:4)
  A black mamba (Lair:5)
  A large abomination (Lair:5)
  A rime drake (Lair:5)
  3 cane toads
  2 komodo dragons
  A freezing wraith (Vaults:3)
  A rime drake (shapeshifter) (Lair:5)
  2 ice devils (IceCv)
  12 yaktaurs
  2 trolls
  3 hornets (Spider:4)
  18 merfolk
  13 blink frogs
  12 tarantellas
  7 wind drakes
  3 snapping turtles
  4 dream sheep
  10 jumping spiders
  15 culicivoras
  A spriggan (Lair:5)
  A spriggan (shapeshifter) (D:13)
  3 hogs (D:13)
  A warg (Orc:2)
  2 water elementals (Shoals:3)
  A wraith (D:14)
  16 yaks
  4 basilisks
  21 redbacks
  A vampire mosquito (Spider:3)
  6 small abominations (Lair:5)
  A chaos spawn (D:13)
  A harpy simulacrum (IceCv)
  Duvessa (D:7)
  An ogre skeleton (Vaults:2)
  An acid dragon (D:11)
  A laughing skull (Vaults:2)
  6 orc warriors
  3 boggarts (Vaults:2)
  3 centaurs
  An ogre (Orc:2)
  9 wolves
  2 bullfrogs
  2 kobold brigands (D:9)
  2 gnoll sergeants
  A two-headed ogre simulacrum (IceCv)
  2 wights (D:9)
  Dowan (D:7)
  An elephant simulacrum (IceCv)
  10 killer bees
  A howler monkey (D:13)
  A human simulacrum (Vaults:2)
  5 orc priests
  7 orc wizards
  A polar bear simulacrum (IceCv)
  A wolf simulacrum (IceCv)
  A nameless horror (Vaults:3)
  A bullfrog simulacrum (D:4)
  9 gnolls
  2 hound simulacra (D:4)
  The ghost of kasel the Shield-Bearer, a weakling FoFi (D:4)
  15 orcs
  A tentacle (Shoals:4)
501 creatures vanquished.

Vanquished Creatures (others)
  2 centaur warriors (D:9)
  A two-headed ogre (D:9)
  A cyclops (D:9)
  A tarantella (Spider:2)
  2 culicivoras (Spider:2)
  39 fulminant prisms
  5 tentacles (Shoals:4)
51 creatures vanquished.

Grand Total: 1332 creatures vanquished

Notes
Turn   | Place    | Note
-------+----------+-------------------------------------------
     0 | D:1      | blake the Djinni Conjurer began the quest for the Orb.
     0 | D:1      | blake set off with the following spells memorised: Magic
                  | Dart, Searing Ray, Fulminant Prism, Iskenderun's Mystic
                  | Blast.
     0 | D:1      | Reached XP level 1. HP: 15/15 MP: 0/0
   148 | D:1      | Reached XP level 2. HP: 21/22 MP: 0/0
   242 | D:1      | Reached skill level 1 in Fighting
   314 | D:1      | Reached XP level 3. HP: 26/27 MP: 0/0
   314 | D:1      | Learned a level 1 spell: Sandblast
  1147 | D:2      | Reached XP level 4. HP: 26/33 MP: 0/0
  1499 | D:3      | Identified the orb of Articulation {guile, +Inv rC- Int+4}
  1671 | D:3      | Found a hide-covered altar of Uskayaw.
  2406 | D:4      | Found a staircase to the Ecumenical Temple.
  2415 | Temple   | Entered the Ecumenical Temple
  2487 | Temple   | Became a worshipper of Makhleb the Destroyer
  2606 | D:4      | Noticed a sky beast
  2610 | D:4      | Killed a sky beast
  2611 | D:4      | Reached skill level 5 in Spellcasting
  2611 | D:4      | Reached skill level 5 in Conjurations
  2611 | D:4      | Reached skill level 5 in Hexes
  2611 | D:4      | Reached skill level 5 in Summonings
  2611 | D:4      | Reached skill level 5 in Necromancy
  2611 | D:4      | Reached skill level 5 in Translocations
  2611 | D:4      | Reached skill level 5 in Fire Magic
  2611 | D:4      | Reached skill level 5 in Ice Magic
  2611 | D:4      | Reached skill level 5 in Air Magic
  2611 | D:4      | Reached skill level 5 in Earth Magic
  2611 | D:4      | Reached skill level 5 in Alchemy
  2611 | D:4      | Reached XP level 5. HP: 37/39 MP: 0/0
  2611 | D:4      | Learned a level 2 spell: Ensorcelled Hibernation
  2611 | D:4      | Reached XP level 6. HP: 43/45 MP: 0/0
  2763 | D:5      | Entered Level 5 of the Dungeon
  3058 | D:4      | Reached XP level 7. HP: 47/50 MP: 0/0
  3058 | D:4      | Learned a level 3 spell: Gell's Gravitas
  3315 | D:4      | Found a sparkling altar of Nemelex Xobeh.
  3368 | D:4      | Found a runed translucent gate.
  3368 | D:4      | Found a runed translucent gate.
  3369 | D:4      | Found a runed translucent gate.
  3854 | D:4      | Noticed kasel's ghost (weakling FoFi)
  4058 | D:5      | Found a hazy altar of Hepliaklqana.
  4150 | D:5      | Noticed Pikel
  4162 | D:5      | Killed Pikel
  4163 | D:5      | Reached XP level 8. HP: 20/58 MP: 0/0
  4494 | D:6      | Reached skill level 5 in Fighting
  4682 | D:6      | Reached * piety under Makhleb
  4683 | D:6      | Reached XP level 9. HP: 61/66 MP: 0/0
  4683 | D:6      | Learned a level 3 spell: Stone Arrow
  4733 | D:6      | Found a blossoming altar of Fedhas.
  4905 | D:6      | Found a white marble altar of Elyvilon.
  5194 | D:6      | Noticed Menkaure
  5196 | D:6      | Killed Menkaure
  5451 | D:7      | Noticed a hornet
  5453 | D:7      | Killed a hornet
  5508 | D:7      | Reached XP level 10. HP: 74/75 MP: 0/0
  5548 | D:7      | Reached ** piety under Makhleb
  5564 | D:7      | Found a flagged portal.
  5596 | Bailey   | Entered a bailey
  5776 | Bailey   | Noticed an orc knight
  5776 | Bailey   | Noticed an orc knight
  5805 | Bailey   | Killed an orc knight
  5806 | Bailey   | Reached skill level 10 in Spellcasting
  5806 | Bailey   | Reached skill level 10 in Conjurations
  5806 | Bailey   | Reached skill level 10 in Hexes
  5806 | Bailey   | Reached skill level 10 in Summonings
  5806 | Bailey   | Reached skill level 10 in Necromancy
  5806 | Bailey   | Reached skill level 10 in Translocations
  5806 | Bailey   | Reached skill level 10 in Fire Magic
  5806 | Bailey   | Reached skill level 10 in Ice Magic
  5806 | Bailey   | Reached skill level 10 in Air Magic
  5806 | Bailey   | Reached skill level 10 in Earth Magic
  5806 | Bailey   | Reached skill level 10 in Alchemy
  5808 | Bailey   | Killed an orc knight
  5982 | Bailey   | Noticed an orc knight
  5994 | Bailey   | Killed an orc knight
  6000 | Bailey   | Noticed an orc knight
  6009 | Bailey   | Killed an orc knight
  6010 | Bailey   | Reached XP level 11. HP: 39/82 MP: 0/0
  6010 | Bailey   | Learned a level 4 spell: Summon Lightning Spire
  6375 | D:7      | Noticed Maurice
  6387 | D:7      | Killed Maurice
  6724 | D:7      | Reached *** piety under Makhleb
  6984 | D:7      | Noticed Duvessa
  6985 | D:7      | Noticed Dowan
  6988 | D:7      | Killed Duvessa
  6994 | D:7      | Killed Dowan
  7447 | D:8      | Found a stormy altar of Qazlal.
  8404 | D:9      | Reached **** piety under Makhleb
  8494 | D:9      | Noticed a two-headed ogre
  8499 | D:9      | Killed a two-headed ogre
  8646 | D:9      | Noticed a centaur warrior
  8646 | D:9      | Noticed a centaur warrior
  8649 | D:9      | Killed a centaur warrior
  8650 | D:9      | Reached skill level 10 in Fighting
  8669 | D:9      | Noticed a two-headed ogre
  8669 | D:9      | Noticed a centaur warrior
  8677 | D:9      | Killed a centaur warrior
  8692 | D:9      | Reached XP level 12. HP: 29/91 MP: 0/0
  9196 | D:9      | Noticed a centaur warrior
  9196 | D:9      | Noticed a boulder beetle
  9196 | D:9      | Noticed a tengu warrior
  9199 | D:9      | Noticed a tengu warrior
  9206 | D:9      | Killed a tengu warrior
  9225 | D:9      | Killed a boulder beetle
  9647 | D:9      | Reached skill level 1 in Armour
  9829 | D:9      | Reached ***** piety under Makhleb
 10028 | D:9      | Found a glowing silver altar of Zin.
 10217 | D:10     | Entered Level 10 of the Dungeon
 10257 | D:10     | Noticed a two-headed ogre
 10262 | D:10     | Killed a two-headed ogre
 10352 | D:10     | Found a sacrificial altar of Ru.
 10762 | D:10     | Found a large runed translucent door.
 10762 | D:10     | Found a large runed translucent door.
 10783 | D:10     | Noticed Radamante's ghost (journeyman MiFi)
 10798 | D:10     | Found a shadowy altar of Dithmenos.
 10887 | D:10     | Noticed a two-headed ogre
 10893 | D:10     | Killed a two-headed ogre
 10899 | D:10     | Found The Oracle's Delphic Readings.
 10905 | D:10     | Bought a scroll of identify for 30 gold pieces
 10905 | D:10     | Bought a scroll of identify for 30 gold pieces
 11270 | D:11     | Noticed a two-headed ogre
 11279 | D:11     | Killed a two-headed ogre
 11280 | D:11     | Reached XP level 13. HP: 88/99 MP: 0/0
 11280 | D:11     | Learned a level 5 spell: Borgnjor's Vile Clutch
 11308 | D:11     | Found a staircase to the Lair.
 11453 | D:11     | Identified the +12 chain mail "Copym" {Harm rF+ SInv}
 11483 | D:11     | Found a staircase to the Orcish Mines.
 11678 | D:11     | Found a runed translucent gate.
 11678 | D:11     | Found a runed translucent gate.
 11678 | D:11     | Found a runed translucent gate.
 11687 | D:11     | Noticed wqsa789's ghost (journeyman FoFi)
 11854 | Lair:1   | Entered Level 1 of the Lair of Beasts
 12105 | Lair:1   | Found a dark tunnel.
 12123 | Volcano  | Entered a volcano
 12174 | Volcano  | Noticed a red draconian
 12227 | Volcano  | Killed a red draconian
 12512 | Lair:1   | Found a runed translucent gate.
 12525 | Lair:1   | Reached ****** piety under Makhleb
 12587 | Lair:1   | Found a runed translucent gate.
 12587 | Lair:1   | Found a runed translucent gate.
 12588 | Lair:1   | Noticed ironshield's ghost (journeyman KoEE)
 12870 | Lair:1   | Noticed Gastronok
 12879 | Lair:1   | Killed Gastronok
 12880 | Lair:1   | Reached skill level 15 in Spellcasting
 12880 | Lair:1   | Reached skill level 15 in Conjurations
 12880 | Lair:1   | Reached skill level 15 in Hexes
 12880 | Lair:1   | Reached skill level 15 in Summonings
 12880 | Lair:1   | Reached skill level 15 in Necromancy
 12880 | Lair:1   | Reached skill level 15 in Translocations
 12880 | Lair:1   | Reached skill level 15 in Fire Magic
 12880 | Lair:1   | Reached skill level 15 in Ice Magic
 12880 | Lair:1   | Reached skill level 15 in Air Magic
 12880 | Lair:1   | Reached skill level 15 in Earth Magic
 12880 | Lair:1   | Reached skill level 15 in Alchemy
 12993 | Lair:2   | Found a staircase to the Shoals.
 13109 | Lair:2   | Reached XP level 14. HP: 110/110 MP: 0/0
 13278 | Lair:2   | Found a glowing golden altar of the Shining One.
 13445 | Lair:2   | Reached XP level 15. HP: 110/115 MP: 0/0
 13445 | Lair:2   | Learned a level 6 spell: Sculpt Simulacrum
 14583 | Lair:3   | Found a hole to the Spider Nest.
 15153 | Lair:4   | Found a viscous altar of Jiyva.
 15154 | Lair:4   | Found a staircase to the Slime Pits.
 15791 | Lair:5   | Entered Level 5 of the Lair of Beasts
 16229 | Lair:5   | Reached XP level 16. HP: 113/124 MP: 0/0
 16470 | Lair:5   | Reached skill level 15 in Fighting
 16492 | Lair:5   | Found a corrupted altar of Lugonu.
 16492 | Lair:5   | Found a one-way gate to the infinite horrors of the Abyss.
 17013 | Lair:5   | Found a runed translucent gate.
 17013 | Lair:5   | Found a runed translucent gate.
 17013 | Lair:5   | Found a runed translucent gate.
 17013 | Lair:5   | Noticed Runel's ghost (journeyman DEEE)
 17185 | Lair:5   | Killed Runel's ghost
 17332 | Orc:1    | Entered Level 1 of the Orcish Mines
 17338 | Orc:1    | Noticed Erolcha
 17341 | Orc:1    | Killed Erolcha
 17838 | Orc:2    | Entered Level 2 of the Orcish Mines
 17990 | Orc:2    | Found Sumitw Miwo's Armour Shoppe.
 17990 | Orc:2    | Found Socwaesa's Antique Armour Shop.
 17992 | Orc:2    | Found Timull's Weapon Shoppe.
 17992 | Orc:2    | Found Loras's Assorted Antiques.
 18006 | Orc:2    | Bought a dented diamond amulet for 175 gold pieces
 18006 | Orc:2    | Bought 3 scrolls of enchant armour for 787 gold pieces
 18006 | Orc:2    | Bought 2 green potions for 63 gold pieces
 18045 | Orc:2    | Noticed Urug
 18052 | Orc:2    | Killed Urug
 18106 | Orc:2    | Found a staircase to the Elven Halls.
 18967 | D:4      | Killed kasel's ghost
 19167 | D:10     | Killed Radamante's ghost
 19249 | D:11     | Killed wqsa789's ghost
 19436 | D:12     | Noticed a frost giant
 19437 | D:12     | Found a runed translucent gate.
 19437 | D:12     | Found a runed translucent gate.
 19437 | D:12     | Found a runed translucent gate.
 19438 | D:12     | Noticed Jeizer's ghost (journeyman MfGl)
 19438 | D:12     | Noticed a frost giant
 19505 | D:12     | Found a frozen archway.
 19665 | IceCv    | Entered an ice cave
 20337 | D:12     | You are sucked into a shaft and drop 3 floors!
 20337 | D:15     | Entered Level 15 of the Dungeon
 20361 | D:15     | Found a staircase to the Depths.
 20361 | D:15     | Noticed a fire giant
 20372 | D:15     | Killed a fire giant
 20381 | D:15     | Reached XP level 17. HP: 80/133 MP: 0/0
 20381 | D:15     | Learned a level 7 spell: Summon Hydra
 20550 | D:13     | Noticed Sonja
 20559 | D:13     | Killed Sonja
 20560 | D:13     | Noticed Kirke
 20744 | D:14     | Identified the +8 falchion "Reokaucw" {drain, rF++ Str+3
                  | Int-2 Stlth+}
 20814 | D:14     | Reached skill level 1 in Shields
 20834 | D:14     | Found a gate to the Vaults.
 21352 | D:14     | Found a hazy altar of Hepliaklqana.
 21844 | D:13     | Killed Kirke
 22683 | Shoals:1 | Entered Level 1 of the Shoals
 22824 | Shoals:1 | Identified the +0 quarterstaff "Jellybane" {holy, Int+4}
 23143 | Shoals:1 | Identified the serpent talisman of the Accordion {rCorr
                  | Str+4 Dex-2 SInv}
 23143 | Shoals:1 | Noticed Aizul
 23150 | Shoals:1 | Killed Aizul
 23778 | Shoals:2 | Noticed Louise
 23785 | Shoals:2 | Killed Louise
 23816 | Shoals:2 | Found a runed translucent gate.
 23850 | Shoals:2 | Reached XP level 18. HP: 77/141 MP: 0/0
 24164 | Shoals:2 | Found a runed translucent gate.
 24183 | Shoals:2 | Found a runed translucent gate.
 24183 | Shoals:2 | Noticed Fayhism's ghost (adept DrSh)
 24184 | Shoals:2 | Noticed kasel's ghost (adept VSBr)
 24240 | Shoals:2 | Noticed Ilsuiw
 24250 | Shoals:2 | Noticed Frances
 24261 | Shoals:2 | Killed Ilsuiw
 24269 | Shoals:2 | Killed Frances
 24270 | Shoals:2 | Reached skill level 5 in Dodging
 24684 | Shoals:2 | Killed kasel's ghost
 24685 | Shoals:2 | Reached skill level 5 in Shields
 24689 | Shoals:2 | Killed Fayhism's ghost
 24927 | Shoals:3 | Reached skill level 5 in Armour
 25675 | Shoals:4 | Entered Level 4 of the Shoals
 25866 | Shoals:4 | Got a barnacled rune of Zot
 26177 | Shoals:4 | Noticed a kraken
 26183 | Shoals:4 | Killed a kraken
 26613 | Shoals:4 | Identified the +5 hand axe "Kuat" {venom, rPois}
 27194 | Spider:1 | Entered Level 1 of the Spider Nest
 27261 | Spider:1 | Reached XP level 19. HP: 148/148 MP: 0/0
 27261 | Spider:1 | Learned a level 6 spell: Dispersal
 27704 | Spider:2 | Noticed Nikola
 27710 | Spider:2 | Killed Nikola
 28140 | Spider:2 | Noticed Mlioglotl
 28152 | Spider:2 | Killed Mlioglotl
 29137 | Spider:4 | Entered Level 4 of the Spider Nest
 29391 | Spider:4 | Upgraded the game from 0.32-a0-12-g7fc57aa to
                  | 0.32-a0-13-gbaedc58
 30454 | Spider:4 | Reached XP level 20. HP: 124/157 MP: 0/0
 30585 | Spider:4 | Got a gossamer rune of Zot
 30873 | Vaults:1 | Entered Level 1 of the Vaults
 32040 | Vaults:1 | Noticed Norris
 32264 | Vaults:1 | Killed Norris
 32492 | Vaults:1 | You are sucked into a shaft and drop 1 floor!
 33066 | Vaults:2 | Upgraded the game from 0.32-a0-13-gbaedc58 to
                  | 0.32-a0-19-g28bc083
 33285 | Vaults:2 | Found Pyum's Book Shop.
 33545 | Vaults:2 | Reached XP level 21. HP: 157/165 MP: 0/0
 33545 | Vaults:2 | Learned a level 8 spell: Disjunction
 33960 | Vaults:2 | Reached skill level 10 in Dodging
 34080 | Vaults:2 | Found a staircase to the Crypt.
 34904 | Vaults:3 | Reached skill level 10 in Shields
 35092 | Vaults:3 | Identified the +0 leather armour of Failure {Str+5}
 35168 | Vaults:3 | Reached skill level 10 in Armour
 35246 | Vaults:3 | Found a runed translucent gate.
 35248 | Vaults:3 | Found a runed translucent gate.
 35248 | Vaults:3 | Noticed Qogouluc's ghost (veteran DECj)
 35249 | Vaults:3 | Found a runed translucent gate.
 35939 | Elf:1    | Entered Level 1 of the Elven Halls
 35939 | Elf:1    | Noticed Zenata
 36125 | Depths:1 | Entered Level 1 of the Depths
 36184 | D:15     | Upgraded the game from 0.32-a0-19-g28bc083 to
                  | 0.32-a0-22-g6ae6769
 36357 | Slime:1  | Entered Level 1 of the Pits of Slime
 36372 | Slime:1  | Gained mutation: Armour fits poorly on your strangely
                  | shaped body. [a shining eye]
 36577 | Slime:3  | HP: 8/166 [azure jelly (8)]
 36577 | Slime:3  | Annihilated by an azure jelly

Illustrated notes

Levels and vault maps discovered:
D:1:      sevenhm_arrival_forest_fort_small_4, layout_rooms
D:2:      layout_basic
D:3:      layout_basic, eat_drink_and_be_merry_uskayaw,
          mainiacjoe_overflow_surrounded_room, grunt_ministairs_9,
          kennysheep_nub
D:4:      layout_layer_cave, nemelex_spade_bored_becter, temple_pool_b,
          gammafunk_ghost_icy, st_stairs_14, minmay_pentomino_pile
D:5:      layout_cave_pools, mainiacjoe_overflow_catwalk, uniq_pikel
D:6:      layout_loops_cross, mainiacjoe_overflow_boulevard,
          fedhas_altar_decomposition, chequers_serial_rivers_small_3,
          uniq_menkaure
D:7:      layout_rooms, lemuel_mausoleum_altar_kikubaaqudgha, enter_bailey_5,
          grunt_decor_junction, minmay_starry_boxes, uniq_maurice, uniq_duvessa
D:8:      layout_basic, grunt_qazlal_clouds, minmay_misc_feat_rugged,
          nicolae_tricolors
D:9:      minmay_the_grid_square_5x5_4x4
          [minmay_the_grid_square_5x5_hollow_slash,
          minmay_the_grid_square_5x5_three_walls,
          minmay_the_grid_square_5x5_lines, minmay_the_grid_square_5x5_plus,
          minmay_the_grid_square_5x5_two_walls_b,
          minmay_the_grid_square_5x5_prize_monsterx,
          minmay_the_grid_square_5x5_prize_itemx,
          minmay_the_grid_square_5x5_intrusive_squares,
          minmay_the_grid_square_5x5_doubleslash,
          minmay_the_grid_square_5x5_prize_rear_guard,
          minmay_the_grid_square_5x5_prize_junk,
          minmay_the_grid_square_5x5_minimal, minmay_the_grid_square_5x5_eight,
          minmay_the_grid_square_5x5_slash, minmay_the_grid_square_5x5_seven,
          minmay_the_grid_square_5x5_checkered_statues], layout_stronghold,
          mainiacjoe_overflow_alcove_4
D:10:     layout_cross, amcnicky_altar_gilded, mainiacjoe_overflow_alcove_2,
          ebering_ghost_disaster_area, nicolae_nh_oracle_at_delphi
D:11:     layout_loops_ring, due_lair_maze_entry_diamond, david_orc_4,
          ebering_ghost_rock_garden, nicolae_the_louvre
D:12:     layout_roguey, gammafunk_ghost_split, special_room [special_room_orc],
          portal_ice_cave_entry_animals_and_master, uniq_snorg
D:13:     layout_rooms, serial_demonic, serial_demonic_g, serial_demonic_f,
          serial_demonic_d, serial_demonic_g, drop_trap,
          kennysheep_generic_room_10, uniq_kirke, uniq_sonja
D:14:     layout_roguey, david_vaults_4, nicolae_hepliaklqana_hazy_memory,
          grunt_decor_arrowhead, nrook_mini_backslash,
          dreamdust_deal_with_the_devil
D:15:     grunt_enter_depths_giant_problem, layout_rooms, amethyst_killhole
Temple:   minmay_temple_curvy_loop
Lair:1:   layout_cellular_growth, ebering_ghost_rock_garden,
          nicolae_volcano_entry_lava_flow, infiniplex_staircase_pool_2,
          uniq_gastronok
Lair:2:   layout_cave_pods, elwin_shoals_entry_rocks, lemuel_oklob_altar
Lair:3:   layout_cave_pods, spider_nest_entry_rubble, minivault_23,
          grunt_megastairs_4
Lair:4:   layout_roguey, slime_entry_1, minivault_11,
          nicolae_lair_grazing_beasts [nicolae_sub_lair_graze_edge,
          nicolae_sub_lair_graze_edge, nicolae_sub_lair_graze_edge,
          nicolae_sub_lair_graze_edge]
Lair:5:   hellmonk_lair_end_abyssal_woods, layout_regular_city,
          ebering_ghost_rock_garden, nzn_sisyphean_effort
Shoals:1: layout_shoals, uniq_aizul
Shoals:2: layout_shoals, gammafunk_ghost_cemetery, st_cyclops, uniq_louise,
          uniq_frances, uniq_ilsuiw
Shoals:3: layout_shoals
Shoals:4: shoals_end_grunt_ice, layout_shoals
Spider:1: layout_spider_delve, nicolae_spider_bug_shape
Spider:2: layout_spider_delve, uniq_mlioglotl, uniq_nikola
Spider:3: layout_spider_delve, einodemon_crawler_minivault
Spider:4: spider_rune_water, nicolae_spider_paper_wasps
Slime:1:  layout_caves
Slime:2:  layout_caves
Slime:3:  layout_caves
Orc:1:    layout_caves, regret_index_minedec_shroomtown_chain, uniq_erolcha
Orc:2:    grunt_orc_tribal_feast, layout_caves, uniq_urug
Elf:1:    minmay_elf_arrival_circle, layout_geoelf_octagon, minmay_elf_sorcery,
          nicolae_concentric_dashed_squares_wild, nicolae_shop_i_like_big_books,
          nicolae_shop_unique_rings, uniq_zenata
Vaults:1: nicolae_vaults_house_1, hangedman_vaults_cutoff, v_misc_22,
          nicolae_vaults_closet_pinwheel_3, v_misc_31, nicolae_vaults_six-pack,
          nicolae_vaults_bisected_exclaves, vaults_room_grunt_arrival_ludios,
          nicolae_vaults_gold_heap, ontoclasm_vaults_claustrophobia, v_misc_23,
          layout_vaults_omnicross, uniq_norris
Vaults:2: vaults_mumra_minichess_inversion, vaults_room_fours, v_misc_26,
          vaults_room_fancy_cross, minmay_crypt_entry_simple_round,
          nicolae_vaults_mini_display_case, nicolae_vaults_double_plus_1,
          layout_vaults_quadrants, serial_shops, shop
Vaults:3: gammafunk_ghost_necromancy, nicolae_vaults_shelves_hall,
          hangedman_vaults_variations, hangedman_vaults_slice,
          hangedman_vaults_trim, nicolae_vaults_shipping_containers_5,
          nicolae_vaults_big_ls, vaults_mumra_lcd, nicolae_vaults_heist,
          nicolae_vaults_stepped_doors, vaults_dpeg_spiral,
          layout_vaults_omnibox
Depths:1: layout_gridlike, abyss_entry, rand_demon_pan_entry_5,
          hangedman_tar_grid_catacomb, hangedman_decor_diamond_cutter,
          kennysheep_windowed_goal

Skill      XL: |  1  2  3  4  5  6  7  8  9 10 11 12 13 14 15 16 17 18 19 20 21 |
---------------+----------------------------------------------------------------+-----
Fighting       | 1 2 3 4 5 7 8 10 11 13 14 15 16 17 18 19 | 19.6
Spellcasting   | 4 5 6 7 9 10 12 13 15 17 18 19 20 21 | 21.2
Conjurations   | 4 5 6 7 9 10 12 13 15 17 18 19 20 21 | 21.2
Hexes          | 4 5 6 7 9 10 12 13 15 17 18 19 20 21 | 21.2
Summonings     | 4 5 6 7 9 10 12 13 15 17 18 19 20 21 | 21.2
Necromancy     | 4 5 6 7 9 10 12 13 15 17 18 19 20 21 | 21.2
Translocations | 4 5 6 7 9 10 12 13 15 17 18 19 20 21 | 21.2
Fire Magic     | 4 5 6 7 9 10 12 13 15 17 18 19 20 21 | 21.2
Ice Magic      | 4 5 6 7 9 10 12 13 15 17 18 19 20 21 | 21.2
Air Magic      | 4 5 6 7 9 10 12 13 15 17 18 19 20 21 | 21.2
Earth Magic    | 4 5 6 7 9 10 12 13 15 17 18 19 20 21 | 21.2
Alchemy        | 4 5 6 7 9 10 12 13 15 17 18 19 20 21 | 21.2
Armour         | 2 4 6 7 9 10 | 10.2
Shields        | 4 6 7 9 10 | 10.3
Dodging        | 4 6 8 9 11 | 11.1
Stealth        | |  1.5

Action                     |  1- 3 |  4- 6 |  7- 9 | 10-12 | 13-15 | 16-18 | 19-21 || total
---------------------------+-------+-------+-------+-------+-------+-------+-------++-------
  Melee: Staff             |       |       |       |       |       |     2 |       ||     2
   Cast: Magic Dart        |    65 |    57 |    69 |   162 |   144 |   234 |    91 ||   822
         Sandblast         |       |     7 |    37 |   137 |    48 |       |       ||   229
         Fulminant Prism   |       |     2 |     3 |    16 |     6 |    12 |     1 ||    40
         Searing Ray       |       |     1 |     1 |     1 |       |       |       ||     3
         Iskenderun's Myst |       |       |     1 |     2 |     2 |     9 |    12 ||    26
         Stone Arrow       |       |       |    17 |    75 |   215 |   624 |   737 ||  1668
         Ensorcelled Hiber |       |       |       |     3 |     3 |     1 |       ||     7
         Summon Lightning  |       |       |       |    33 |    47 |   138 |   100 ||   318
         Gell's Gravitas   |       |       |       |     1 |       |       |       ||     1
         Borgnjor's Vile C |       |       |       |       |    37 |    22 |    12 ||    71
         Sculpt Simulacrum |       |       |       |       |     3 |       |     2 ||     5
         Summon Hydra      |       |       |       |       |       |    56 |   126 ||   182
         Dispersal         |       |       |       |       |       |       |     9 ||     9
  Evoke: Wand              |       |       |       |     7 |       |       |       ||     7
         Sack of spiders   |       |       |       |       |       |     1 |     1 ||     2
         Condenser vane    |       |       |       |       |       |       |     2 ||     2
    Use: Scroll            |       |       |       |    14 |     4 |     7 |    12 ||    37
         Potion            |       |       |       |     3 |     1 |     1 |     7 ||    12
 Armour: Robe              |     4 |     3 |     7 |    63 |       |       |       ||    77
         Scale mail        |       |       |       |    50 |       |       |       ||    50
         Troll leather arm |       |       |       |     7 |    55 |   212 |   258 ||   532
         Chain mail        |       |       |       |       |       |       |    23 ||    23
  Dodge: Dodged            |     2 |     1 |    20 |   115 |    42 |   114 |   157 ||   451
  Block: Other             |       |       |       |       |       |    11 |       ||    11
         Kite shield       |       |       |       |       |       |   126 |   325 ||   451
         Reflection        |       |       |       |       |       |    34 |    35 ||    69

Table legend: (Time is in decaauts)
 A = Elapsed time spent in this place.
 B = Non-inter-level travel time spent in this place.
 C = Inter-level travel time spent in this place.
 D = Time resting spent in this place.
 E = Time spent auto-exploring this place.
 F = Levels seen in this place.
 G = Mean time per level.
                   A        B        C        D        E       F      G
               +--------+--------+--------+--------+--------+-----+--------+
         Total |  36731 |  33911 |   2820 |    387 |  26573 |  42 |  874.5 |
       Dungeon |  15186 |  13548 |   1638 |      7 |  11445 |  15 | 1012.4 |
        Temple |     92 |      4 |     88 |      0 |      0 |   1 |   92.0 |
          Lair |   5409 |   4939 |    470 |      0 |   3937 |   5 | 1081.8 |
        Shoals |   4481 |   4311 |    170 |      0 |   3486 |   4 | 1120.2 |
   Spider Nest |   3541 |   3383 |    158 |    198 |   2331 |   4 |  885.2 |
    Slime Pits |    219 |    216 |      3 |      0 |    101 |   3 |   73.0 |
  Orcish Mines |   1426 |   1274 |    152 |      0 |    995 |   2 |  713.0 |
   Elven Halls |      3 |      3 |      0 |      0 |      0 |   1 |    3.0 |
        Vaults |   4890 |   4754 |    136 |     84 |   3429 |   3 | 1630.0 |
        Depths |      4 |      4 |      0 |      0 |      0 |   1 |    4.0 |
        Bailey |    629 |    629 |      0 |      0 |    513 |   1 |  629.0 |
      Ice Cave |    596 |    596 |      0 |     98 |    199 |   1 |  596.0 |
       Volcano |    248 |    248 |      0 |      0 |    137 |   1 |  248.0 |
               +--------+--------+--------+--------+--------+-----+--------+

Top non-repeatable levels by time:
     D:9: 1971 daAuts
Vaults:2: 1841 daAuts
Vaults:1: 1642 daAuts
  Lair:5: 1441 daAuts
Shoals:4: 1441 daAuts
     D:4: 1413 daAuts
Vaults:3: 1407 daAuts
Spider:4: 1350 daAuts
     D:8: 1225 daAuts
Shoals:2: 1171 daAuts
     D:7: 1171 daAuts
    D:14: 1089 daAuts
    D:10: 1081 daAuts
    D:11: 1058 daAuts
     D:6: 1027 daAuts
